Map: Inside and Out

Players

NightMare - Winner!

  • Race: Protoss Protoss
  • League: Master
  • Spawn Location: 7:00

DPGCure (Cure)

  • Race: Terran Terran
  • League: Master
  • Spawn Location: 1:00

VOD

Have the link to the VOD?

Description

Time

  • Played on: Oct. 23, 2022, 6:29 p.m.
  • Length: 11:02
Show
View Real Time Build Order
Export as new Build Order

NightMare Protoss - Winner!

Build Orders: 1 Gate Expand, Phoenix Opening 

Get SALT Encoding   

  12  0:00  Probe  
  13  0:12  Probe  
  14  0:17  Pylon  
  14  0:24  Probe (Chrono Boost)  
  15  0:36  Gateway, Probe (Chrono Boost)  
  16  0:44  Probe (Chrono Boost)  
  16  0:46  Assimilator  
  17  0:51  Probe  
  18  1:03  Probe  
  19  1:15  Probe  
  20  1:23  Cybernetics Core  
  22  1:27  Probe  
  23  1:35  Nexus  
  21  1:41  Pylon  
  21  1:45  Probe  
  22  1:49  Assimilator  
  22  1:57  Adept (Chrono Boost), Probe  
  25  2:10  Probe  
  26  2:18  Adept (Chrono Boost)  
  26  2:22  Probe  
  29  2:28  Stargate  
  29  2:34  Probe  
  29  2:35  Warp Gate  
  30  2:46  Probe  
  30  2:47  Adept  
  30  2:49  Probe  
  34  2:58  Probe  
  35  3:01  Probe  
  36  3:08  Gateway  
  36  3:10  Gateway, Probe  
  37  3:13  Probe  
  37  3:14  Phoenix (Chrono Boost)  
  40  3:23  Probe, Pylon  
  40  3:25  Probe  
  42  3:30  Phoenix (Chrono Boost)  
  44  3:35  Probe  
  44  3:37  Probe  
  46  3:46  Assimilator  
  46  3:48  Probe  
  46  3:49  Probe  
  46  3:51  Pylon  
  46  3:53  Phoenix (Chrono Boost)  
  50  4:00  Probe  
  50  4:01  Robotics Facility, Probe  
  52  4:03  Assimilator  
  52  4:09  Phoenix  
  52  4:13  Probe  
  52  4:14  Probe  
  56  4:24  Pylon  
  56  4:25  Probe  
  56  4:26  Probe  
  58  4:33  Shield Battery  
  58  4:34  Phoenix  
  60  4:49  Observer  
  61  4:52  Robotics Bay  
  61  4:53  Pylon  
  61  4:54  Gateway  
  61  4:55  Gateway  
  61  4:58  Gateway  
  61  4:59  Phoenix  
  63  5:06  Probe x2  
  65  5:09  Pylon  
  65  5:13  Observer  
  66  5:18  Probe  
  66  5:19  Probe  
  68  5:22  Nexus  
  68  5:26  Pylon  
  68  5:33  Probe  
  70  5:37  Stalker  
  70  5:38  Stalker  
  70  5:39  Stalker  
  75  5:47  Shield Battery  
  75  5:50  Stalker x2  
  66  6:06  Colossus (Chrono Boost), Probe x2  
  69  6:18  Probe  
  65  6:20  Probe  
  66  6:30  Probe (Chrono Boost)  
  66  6:32  Probe (Chrono Boost)  
  68  6:41  Extended Thermal Lance  
  68  6:42  Probe (Chrono Boost)  
  68  6:44  Probe (Chrono Boost)  
  71  6:48  Probe x2 (Chrono Boost)  
  71  6:49  Probe (Chrono Boost)  
  73  6:57  Colossus  
  73  6:58  Probe x2 (Chrono Boost)  
  79  7:06  Probe (Chrono Boost)  
  80  7:10  Probe (Chrono Boost)  
  80  7:14  Probe (Chrono Boost)  
  82  7:15  Twilight Council  
  82  7:16  Observer, Forge, Probe (Chrono Boost)  
  82  7:17  Probe (Chrono Boost)  
  82  7:21  Probe  
  85  7:23  Probe  
  85  7:27  Sentry, Probe  
  89  7:33  Probe  
  89  7:34  Protoss Ground Weapons Level 1 (Chrono Boost), Pylon  
  89  7:35  Probe  
  91  7:39  Probe  
  92  7:45  Probe  
  92  7:47  Colossus (Chrono Boost), Probe  
  100  7:56  Probe  
  100  7:57  Charge (Chrono Boost), Probe  
  102  7:59  Probe  
  103  8:06  Gateway  
  103  8:08  Gateway  
  103  8:09  Probe x2  
  103  8:11  Probe  
  106  8:17  Templar Archives  
  106  8:19  Pylon  
  106  8:22  Photon Cannon  
  106  8:24  Shield Battery  
  106  8:26  Pylon  
  104  8:35  Photon Cannon  
  104  8:36  Stalker x2  
  104  8:40  Warp Prism  
  110  8:46  Pylon x2  
  110  8:55  Probe x3  
  113  8:57  Assimilator  
  113  9:00  Assimilator  
  113  9:03  Stalker x2  
  113  9:04  Zealot x2  
  113  9:08  Observer  
  121  9:13  Pylon  
  121  9:20  Photon Cannon  
  121  9:25  High Templar x3  
  121  9:26  Zealot x4, High Templar  
  136  9:31  Pylon  
  136  9:32  Archon x2  
  136  9:45  Probe x3  
  139  9:53  Zealot x4  
  139  9:57  High Templar x2  
  139  9:58  Zealot x2  
  155  10:01  Observer  
  155  10:03  Archon  
  153  10:10  Pylon x2  
  153  10:11  Nexus  
  153  10:13  Pylon  
  144  10:34  Zealot  
  144  10:35  Zealot x7  
Show
View Real Time Build Order
Export as new Build Order

DPGCure Terran 

Build Orders: Banshee Rush 

Get SALT Encoding   

  12  0:00  SCV  
  13  0:12  SCV  
  14  0:17  Supply Depot  
  14  0:24  SCV  
  15  0:39  SCV, Barracks  
  15  0:42  Refinery  
  16  0:51  SCV  
  16  0:52  Refinery  
  17  1:03  SCV  
  18  1:15  SCV  
  19  1:26  Reaper  
  19  1:27  Supply Depot, Orbital Command  
  20  1:40  Factory  
  20  1:53  SCV  
  21  1:58  Reaper  
  22  2:05  SCV  
  23  2:16  Command Center  
  23  2:19  SCV  
  24  2:24  Hellion  
  26  2:31  Barracks Reactor, SCV  
  27  2:39  Starport  
  27  2:43  SCV  
  28  2:46  Hellion  
  30  2:56  SCV  
  31  3:10  Supply Depot  
  31  3:13  Factory Tech Lab  
  31  3:17  Starport Tech Lab  
  31  3:27  SCV, Marine x2  
  31  3:29  Orbital Command  
  31  3:31  Cyclone  
  37  3:35  Cloaking Field  
  37  3:36  Banshee  
  37  3:40  SCV  
  41  3:45  Marine x2  
  41  3:47  Supply Depot  
  43  3:52  SCV  
  43  3:54  SCV  
  45  4:03  Siege Tank  
  45  4:06  Marine x2  
  45  4:08  SCV  
  45  4:09  SCV  
  52  4:12  Supply Depot  
  52  4:19  Banshee  
  52  4:20  SCV  
  52  4:21  SCV  
  57  4:24  Marine x2  
  57  4:30  Supply Depot  
  59  4:33  SCV x2  
  61  4:42  Siege Tank, Marine x2  
  61  4:45  SCV x2  
  68  4:46  Supply Depot  
  68  4:49  Supply Depot  
  68  4:57  SCV x2  
  70  5:00  Marine x2  
  70  5:02  Banshee  
  75  5:09  SCV x2  
  77  5:18  Marine x2  
  79  5:21  SCV x2  
  81  5:31  Siege Tank  
  81  5:33  SCV x2  
  81  5:34  Supply Depot, Barracks x2  
  86  5:36  Marine x2  
  88  5:53  Banshee  
  82  5:58  SCV x2  
  82  6:02  Marine x2  
  69  6:14  Refinery  
  69  6:15  Refinery  
  69  6:16  SCV  
  67  6:19  Marine  
  67  6:20  SCV, Marine, Command Center  
  67  6:21  Bunker  
  67  6:26  Barracks Tech Lab  
  67  6:27  Barracks Tech Lab  
  67  6:28  SCV  
  67  6:32  SCV  
  71  6:37  Marine x2  
  77  6:42  SCV  
  77  6:44  SCV  
  76  6:47  Supply Depot  
  76  6:48  Engineering Bay x2  
  76  6:55  Stimpack, Marine x2  
  76  6:59  SCV x2  
  71  7:02  Combat Shield, Marine x2  
  71  7:03  Starport Reactor  
  71  7:04  Factory Reactor  
  73  7:11  Barracks, SCV  
  73  7:12  SCV  
  73  7:13  Barracks  
  73  7:15  Missile Turret  
  72  7:16  Missile Turret  
  72  7:20  Marauder x2, Marine x2  
  78  7:27  SCV x2  
  80  7:32  Terran Infantry Weapons Level 1  
  80  7:33  Terran Infantry Armor Level 1  
  80  7:35  Missile Turret  
  80  7:37  Orbital Command  
  80  7:41  Medivac x2  
  80  7:42  Marauder x2, Marine x2  
  92  7:44  Widow Mine  
  92  7:47  Widow Mine  
  92  7:49  SCV x2  
  92  7:51  Orbital Command  
  96  8:03  Marauder  
  96  8:04  Barracks Reactor, Marauder x2, Marine x2  
  104  8:10  Refinery  
  104  8:11  Medivac x2  
  108  8:13  SCV, Refinery  
  108  8:18  SCV x2  
  111  8:20  Missile Turret  
  111  8:24  Supply Depot  
  111  8:25  Marine x2  
  115  8:27  Supply Depot, Marauder  
  115  8:32  Widow Mine x2  
  119  8:36  SCV x3  
  122  8:43  Ghost Academy  
  122  8:46  Armory  
  123  8:48  SCV x3  
  123  8:50  Marine x3  
  123  8:51  Marauder  
  123  8:53  Marine x2  
  132  9:01  Supply Depot x2  
  132  9:03  Marauder  
  132  9:07  Medivac x2  
  132  9:08  Marine  
  139  9:10  Widow Mine  
  141  9:20  Supply Depot  
  141  9:21  Enhanced Shockwaves  
  141  9:22  Marine x4  
  141  9:23  Marauder  
  147  9:29  Marine  
  148  9:32  Supply Depot x2  
  148  9:45  Marauder x3, Marine  
  153  9:55  Concussive Shells  
  146  10:09  Marine x4  
  146  10:10  Ghost x2  
  146  10:11  Viking x2, Ghost  
  154  10:31  Marine x4  
Tags
 
Add a new tag
Caveats
  • Supply blocks, unpowered buildings, or Contaminate may cause inaccurate times.
  • Supply counts are checked every 10 seconds.